General information
- name: BNet
- type: Ladder team game (AT/RT)
- host: Battle.net
- saver: LayDaPipe
map: Battleground
- players: 8
- length: 21:13
- speed: Fast
- version: 1.28 W3XP
- replay type: Public
» download(223 KB)
Players
team 1 (loser)
Hunter. (
teal | 66 APM | 1177 actions | 17:44)
4 Keeper of the Grove
2 Entangling Roots
2 Thorns Aura
1 Priestess of the Moon
1 Trueshot Aura
» actions
| Assign group hotkey | 27 | |
| Basic commands | 77 | |
| Build / train | 80 | |
| ESC pressed | 9 | |
| Enter build submenu | 16 | |
| Enter hero's abilities submenu | 5 | |
| Right click | 332 | |
| Select / deselect | 271 | |
| Select group hotkey | 291 | |
| Use ability | 69 | |
1177 total
» units
| Wisp | 27 | |
| Archer | 20 | |
| Dryad | 6 | |
| Druid of the Talon | 6 | |
59 total
» upgrades
| Ultravision | 1 | |
| Strength of the Moon | 2 | |
| Improved Bows | 1 | |
| Strength of the Wild | 2 | |
| Moon Armor | 1 | |
| Reinforced Hides | 1 | |
| Abolish Magic | 1 | |
| Druid of the Talon Training | 1 | |
10 total
» buildings
| Altar of Elders | 1 | |
| Moon Well | 7 | |
| Ancient of War | 1 | |
| Hunter's Hall | 1 | |
| Ancient of Wonders | 3 | |
| Tree of Life | 4 | |
| Tree of Ages | 1 | |
| Ancient of Lore | 1 | |
| Ancient of Wind | 1 | |
20 total
» build order
00:38 Altar of Elders
00:53 Moon Well
01:08 Ancient of War
01:42 Moon Well
01:43 Moon Well
01:43 Moon Well
01:45 Moon Well
01:46 Moon Well
02:23 Hunter's Hall
02:24 Ancient of Wonders
02:34 Ancient of Wonders
04:03 Ancient of Wonders
05:09 Tree of Life
05:39 Moon Well
05:49 Tree of Ages
08:39 Ancient of Lore
08:42 Ancient of Wind
09:25 Tree of Life
10:32 Tree of Life
15:26 Tree of Life
» items

»
ARCHER1000 (
blue | 97 APM | 1751 actions | 18:05)
3 Archmage
2 Blizzard
1 Brilliance Aura
2 Blood Mage
1 Flame Strike
1 Banish
» actions
| Assign group hotkey | 80 | |
| Basic commands | 40 | |
| Build / train | 77 | |
| ESC pressed | 4 | |
| Enter build submenu | 24 | |
| Enter hero's abilities submenu | 5 | |
| Give item / drop item | 2 | |
| Right click | 618 | |
| Select / deselect | 351 | |
| Select group hotkey | 475 | |
| Use ability | 75 | |
1751 total
» units
| Peasant | 13 | |
| Footman | 6 | |
| Sorceress | 7 | |
| Spell Breaker | 6 | |
| Priest | 5 | |
| Knight | 1 | |
38 total
» upgrades
| Masonry | 1 | |
| Lumber Harvesting | 1 | |
| Defend | 1 | |
| Sorceress Training | 2 | |
| Priest Training | 2 | |
| Control Magic | 1 | |
| Swords | 1 | |
| Plating | 1 | |
10 total
» buildings
| Altar of Kings | 1 | |
| Farm | 9 | |
| Barracks | 1 | |
| Scout Tower | 2 | |
| Arcane Tower | 4 | |
| Keep | 2 | |
| Lumber Mill | 1 | |
| Arcane Vault | 1 | |
| Arcane Sanctum | 4 | |
| Castle | 2 | |
| Blacksmith | 1 | |
28 total
» build order
00:09 Altar of Kings
00:14 Farm
00:47 Farm
01:19 Barracks
01:47 Farm
02:36 Scout Tower
02:52 Arcane Tower
02:52 Arcane Tower
02:55 Farm
03:36 Keep
03:36 Keep
04:01 Farm
04:16 Farm
04:25 Lumber Mill
04:50 Arcane Vault
05:50 Scout Tower
06:20 Arcane Sanctum
06:27 Arcane Sanctum
06:34 Arcane Sanctum
06:35 Arcane Tower
06:35 Arcane Tower
06:39 Arcane Sanctum
08:22 Farm
09:54 Castle
09:55 Castle
09:59 Farm
10:26 Blacksmith
15:31 Farm
» items
| Scroll of Regeneration | 4 | |
| Scroll of Town Portal | 1 | |
5 total

»
viktor (
green | 37 APM | 774 actions | 21:11)
4 Keeper of the Grove
2 Entangling Roots
2 Thorns Aura
» actions
| Assign group hotkey | 9 | |
| Build / train | 47 | |
| Enter build submenu | 15 | |
| Enter hero's abilities submenu | 4 | |
| Give item / drop item | 1 | |
| Right click | 347 | |
| Select / deselect | 216 | |
| Select group hotkey | 99 | |
| Use ability | 36 | |
774 total
» units
» upgrades
| Ultravision | 1 | |
| Strength of the Wild | 3 | |
| Reinforced Hides | 2 | |
| Nature's Blessing | 1 | |
| Corrosive Breath | 1 | |
8 total
» buildings
| Moon Well | 6 | |
| Altar of Elders | 1 | |
| Hunter's Hall | 1 | |
| Ancient Protector | 3 | |
| Tree of Ages | 2 | |
| Tree of Eternity | 1 | |
| Ancient of Wind | 1 | |
| Chimaera Roost | 2 | |
| Tree of Life | 1 | |
18 total
» build order
01:15 Moon Well
01:38 Altar of Elders
02:01 Moon Well
02:14 Hunter's Hall
03:02 Moon Well
03:25 Ancient Protector
03:31 Ancient Protector
04:11 Tree of Ages
04:11 Tree of Ages
06:38 Tree of Eternity
06:44 Ancient of Wind
08:31 Moon Well
09:15 Chimaera Roost
09:19 Chimaera Roost
09:46 Moon Well
10:40 Moon Well
14:01 Ancient Protector
17:59 Tree of Life
» items
| Staff of Teleportation | 1 | |
| Boots of Speed | 1 | |
| Scroll of Town Portal | 1 | |
3 total

»
bob-the-builder (
yellow | 15 APM | 275 actions | 18:07)
2 Crypt Lord
1 Carrion Beetles
1 Spiked Carapace
» actions
| Assign group hotkey | 9 | |
| Basic commands | 25 | |
| Build / train | 27 | |
| ESC pressed | 2 | |
| Enter build submenu | 15 | |
| Enter hero's abilities submenu | 2 | |
| Give item / drop item | 2 | |
| Right click | 50 | |
| Select / deselect | 65 | |
| Select group hotkey | 60 | |
| Use ability | 18 | |
275 total
» units
| Acolyte | 3 | |
| Ghoul | 3 | |
| Crypt Fiend | 4 | |
| Frost Wyrm | 4 | |
14 total
» upgrades
| Creature Attack | 3 | |
| Web | 1 | |
| Creature Carapace | 2 | |
| Freezing Breath | 1 | |
7 total
» buildings
| Ziggurat | 7 | |
| Altar of Darkness | 1 | |
| Crypt | 2 | |
| Tomb of Relics | 1 | |
| Graveyard | 1 | |
| Halls of the Dead | 1 | |
| Black Citadel | 1 | |
| Sacrificial Pit | 1 | |
| Boneyard | 2 | |
17 total
» build order
00:28 Ziggurat
00:54 Altar of Darkness
01:14 Crypt
01:42 Crypt
01:53 Tomb of Relics
02:25 Graveyard
02:38 Ziggurat
03:55 Ziggurat
04:13 Ziggurat
05:14 Halls of the Dead
08:08 Black Citadel
09:15 Sacrificial Pit
09:24 Ziggurat
11:00 Boneyard
11:10 Boneyard
13:15 Ziggurat
13:20 Ziggurat
» items
team 2 (winner)
thisguyiscrazy (
red | 129 APM | 2421 actions | 18:45)
8 Archmage
3 Summon Water Elemental
3 Brilliance Aura
1 Blizzard
1 Mass Teleport
» actions
| Assign group hotkey | 90 | |
| Basic commands | 150 | |
| Build / train | 142 | |
| ESC pressed | 1 | |
| Enter build submenu | 35 | |
| Enter hero's abilities submenu | 7 | |
| Give item / drop item | 4 | |
| Right click | 932 | |
| Select / deselect | 397 | |
| Select group hotkey | 458 | |
| Use ability | 205 | |
2421 total
» units
| Peasant | 15 | |
| Rifleman | 7 | |
| Forest Troll Shadow Priest | 7 | |
| Forest Troll Berserker | 5 | |
| Ogre Mauler | 3 | |
| Mortar Team | 9 | |
| Sorceress | 1 | |
| Flying Machine | 12 | |
| Priest | 2 | |
61 total
» upgrades
| Masonry | 1 | |
| Gunpowder | 2 | |
| Lumber Harvesting | 2 | |
| Long Rifles | 1 | |
| Fragmentation Shards | 1 | |
| Sorceress Training | 1 | |
| Flak Cannons | 1 | |
| Flare | 1 | |
| Flying Machine Bombs | 1 | |
11 total
» buildings
| Altar of Kings | 1 | |
| Farm | 18 | |
| Blacksmith | 1 | |
| Barracks | 1 | |
| Scout Tower | 3 | |
| Lumber Mill | 1 | |
| Arcane Tower | 3 | |
| Town Hall | 1 | |
| Guard Tower | 1 | |
| Keep | 2 | |
| Arcane Vault | 1 | |
| Castle | 1 | |
| Arcane Sanctum | 2 | |
| Workshop | 3 | |
39 total
» build order
00:06 Altar of Kings
00:36 Farm
01:08 Farm
01:22 Blacksmith
01:39 Barracks
02:01 Farm
02:59 Farm
03:01 Farm
03:06 Scout Tower
03:30 Lumber Mill
03:38 Arcane Tower
03:38 Arcane Tower
04:44 Farm
04:45 Farm
05:52 Town Hall
05:55 Scout Tower
05:57 Scout Tower
06:45 Guard Tower
06:46 Arcane Tower
07:25 Keep
07:25 Keep
07:40 Arcane Vault
08:12 Farm
09:00 Farm
09:01 Farm
09:47 Castle
10:54 Arcane Sanctum
10:54 Workshop
10:57 Workshop
12:05 Farm
12:06 Farm
12:07 Farm
12:08 Farm
12:09 Farm
12:10 Farm
12:11 Farm
12:12 Farm
12:33 Arcane Sanctum
14:25 Workshop
» items
| Circlet of Nobility | 1 | |
| Scroll of Regeneration | 9 | |
| Lesser Clarity Potion | 4 | |
| Potion of Healing | 3 | |
| Scroll of Town Portal | 5 | |
| Staff of Sanctuary | 1 | |
| Tome of Retraining | 3 | |
| Potion of Invisibility | 1 | |
| Potion of Lesser Invulnerability | 2 | |
29 total

»
FaNtasyK (
orange | 105 APM | 2237 actions | 21:12)
5 Mountain King
3 Storm Bolt
1 Bash
1 Thunder Clap
4 Paladin
2 Holy Light
2 Divine Shield
» actions
| Assign group hotkey | 24 | |
| Basic commands | 288 | |
| Build / train | 115 | |
| ESC pressed | 2 | |
| Enter build submenu | 22 | |
| Enter hero's abilities submenu | 10 | |
| Give item / drop item | 2 | |
| Right click | 593 | |
| Select / deselect | 245 | |
| Select group hotkey | 857 | |
| Use ability | 79 | |
2237 total
» units
| Peasant | 13 | |
| Footman | 6 | |
| Siege Engine | 7 | |
| Knight | 9 | |
| Spell Breaker | 6 | |
| Forest Troll Berserker | 1 | |
| Forest Troll Shadow Priest | 1 | |
43 total
» upgrades
| Lumber Harvesting | 2 | |
| Animal War Training | 1 | |
| Barrage | 1 | |
| Plating | 2 | |
| Control Magic | 1 | |
| Masonry | 1 | |
| Gunpowder | 1 | |
9 total
» buildings
| Altar of Kings | 1 | |
| Barracks | 1 | |
| Farm | 11 | |
| Scout Tower | 1 | |
| Keep | 3 | |
| Arcane Tower | 2 | |
| Lumber Mill | 1 | |
| Arcane Vault | 1 | |
| Blacksmith | 1 | |
| Castle | 3 | |
| Arcane Sanctum | 1 | |
| Workshop | 1 | |
| Guard Tower | 6 | |
| Town Hall | 1 | |
34 total
» build order
00:09 Altar of Kings
00:22 Barracks
00:35 Farm
00:50 Farm
02:01 Scout Tower
02:48 Keep
02:48 Keep
02:48 Keep
03:04 Arcane Tower
03:08 Lumber Mill
04:07 Arcane Vault
05:31 Farm
05:37 Blacksmith
05:57 Castle
05:57 Castle
05:57 Castle
06:00 Farm
06:07 Arcane Sanctum
08:19 Workshop
09:30 Guard Tower
09:30 Guard Tower
09:30 Guard Tower
09:31 Guard Tower
09:31 Guard Tower
09:40 Town Hall
09:48 Guard Tower
12:50 Farm
12:55 Farm
13:00 Farm
13:05 Farm
13:09 Farm
14:27 Farm
19:00 Farm
» items
| Scroll of Regeneration | 1 | |
| Ivory Tower | 3 | |
| Staff of Sanctuary | 1 | |
| Orb of Fire | 1 | |
| Potion of Healing | 2 | |
| Lesser Clarity Potion | 2 | |
10 total

»
8906 (
purple | 90 APM | 1901 actions | 21:12)
6 Priestess of the Moon
3 Trueshot Aura
2 Searing Arrows
1 Starfall
5 Dark Ranger
3 Black Arrow
2 Silence
» actions
| Assign group hotkey | 19 | |
| Basic commands | 140 | |
| Build / train | 75 | |
| Enter build submenu | 13 | |
| Enter hero's abilities submenu | 13 | |
| Right click | 1054 | |
| Select / deselect | 271 | |
| Select group hotkey | 267 | |
| Use ability | 49 | |
1901 total
» units
| Wisp | 16 | |
| Archer | 15 | |
| Forest Troll Shadow Priest | 1 | |
| Hippogryph | 6 | |
38 total
» upgrades
| Strength of the Moon | 3 | |
| Moon Armor | 3 | |
| Ultravision | 1 | |
| Improved Bows | 1 | |
| Hippogryph Taming | 1 | |
| Marksmanship | 1 | |
| Well Spring | 1 | |
| Strength of the Wild | 1 | |
| Reinforced Hides | 1 | |
13 total
» buildings
| Altar of Elders | 1 | |
| Moon Well | 10 | |
| Ancient of War | 2 | |
| Hunter's Hall | 1 | |
| Ancient of Wonders | 1 | |
| Tree of Ages | 1 | |
| Tree of Eternity | 1 | |
| Ancient of Wind | 2 | |
19 total
» build order
00:19 Altar of Elders
00:26 Moon Well
00:54 Ancient of War
01:48 Moon Well
02:04 Ancient of War
02:28 Hunter's Hall
03:05 Ancient of Wonders
03:35 Moon Well
04:47 Tree of Ages
05:03 Moon Well
07:16 Tree of Eternity
08:26 Ancient of Wind
10:00 Moon Well
10:00 Moon Well
10:01 Moon Well
14:05 Ancient of Wind
17:37 Moon Well
17:38 Moon Well
17:38 Moon Well
» items
| Boots of Speed | 1 | |
| Circlet of Nobility | 1 | |
| Orb of Venom | 2 | |
| Moonstone | 1 | |
| Scroll of Town Portal | 3 | |
| Scroll of Regeneration | 1 | |
9 total
LayDaPipe (
pink | 31 APM | 659 actions | 21:13)
2 Archmage
1 Brilliance Aura
1 Summon Water Elemental
» actions
| Assign group hotkey | 3 | |
| Basic commands | 19 | |
| Build / train | 35 | |
| Enter build submenu | 62 | |
| Enter hero's abilities submenu | 2 | |
| Right click | 254 | |
| Select / deselect | 172 | |
| Select group hotkey | 44 | |
| Use ability | 68 | |
659 total
» units
» upgrades
» buildings
| War Mill | 2 | |
| Orc Burrow | 3 | |
| Watch Tower | 43 | |
| Stronghold | 2 | |
| Altar of Storms | 2 | |
| Fortress | 1 | |
| Great Hall | 2 | |
| Beastiary | 2 | |
57 total
» build order
01:39 War Mill
02:06 Orc Burrow
02:53 Watch Tower
03:08 Watch Tower
03:33 Watch Tower
03:56 Watch Tower
04:51 Watch Tower
04:54 Watch Tower
04:58 Watch Tower
05:01 Watch Tower
05:21 War Mill
05:25 Watch Tower
05:33 Orc Burrow
05:39 Watch Tower
05:52 Watch Tower
06:33 Stronghold
06:34 Stronghold
07:58 Watch Tower
08:00 Watch Tower
08:03 Watch Tower
08:06 Watch Tower
08:10 Watch Tower
08:25 Altar of Storms
08:28 Altar of Storms
09:41 Fortress
10:25 Watch Tower
10:25 Watch Tower
10:26 Watch Tower
10:26 Watch Tower
10:29 Watch Tower
10:30 Watch Tower
10:31 Watch Tower
10:32 Watch Tower
10:36 Watch Tower
10:40 Watch Tower
12:44 Great Hall
13:47 Watch Tower
13:48 Watch Tower
13:49 Watch Tower
13:51 Watch Tower
14:04 Watch Tower
14:06 Watch Tower
14:23 Watch Tower
15:50 Beastiary
15:51 Beastiary
15:54 Orc Burrow
16:12 Watch Tower
16:37 Watch Tower
16:44 Watch Tower
17:01 Watch Tower
17:53 Watch Tower
17:55 Watch Tower
18:02 Watch Tower
18:02 Watch Tower
18:11 Great Hall
18:35 Watch Tower
18:40 Watch Tower
Chat log
(00:32 / Allies) 8906: we gotta rush now
(00:39 / Allies) FaNtasyK: sure
(00:45 / Allies) thisguyiscrazy: we just have to play good
(01:13 / All) Hunter.: anyone else seen alien covenant?
(01:19 / All) 8906: it was aight
(01:27 / All) viktor: I wanted too
(01:30 / Allies) 8906: pink is just afking lmao
(01:31 / Allies) thisguyiscrazy: hes back
(01:32 / All) Hunter.: i liked it more or less
(01:32 / All) viktor: I cant really believe it would be any goo
(01:34 / All) viktor: good
(01:36 / Allies) FaNtasyK: which hero red
(01:38 / All) Hunter.: better than alien 3 and 4 aned avp 1 and 2
(01:45 / All) viktor: wow.
(01:47 / All) viktor: Suprising.
(01:50 / All) Hunter.: but that doesnt say much
(01:55 / All) Hunter.: |cause those sucked mostly
(01:55 / All) 8906: ehhhh
(01:56 / All) 8906: it does
(02:03 / All) Hunter.: well they aint no alien or aliens
(02:06 / All) Hunter.: which are fucking superb
(02:36 / Allies) 8906: we still rushing doe right
(02:39 / Allies) thisguyiscrazy: nope
(06:30 / Allies) thisguyiscrazy: STOP PING
(06:32 / Allies) thisguyiscrazy: LIKE A IDIOTT
(06:58 / All) LayDaPipe: BOB THE BUILDER
(07:00 / All) LayDaPipe: CAN WE FIX IT?
(07:03 / All) LayDaPipe: no... it's fucked
(07:13 / Allies) 8906: hit
(07:24 / All) viktor: Watching a porn
(07:25 / All) viktor: and
(07:27 / All) viktor: this chick
(07:30 / All) viktor: Is borderline retarded
(07:32 / Allies) 8906: b
(07:38 / All) viktor: cant believe how slow she is.
(07:45 / All) viktor: some asian chick
(07:48 / All) viktor: blowing some dude
(07:52 / All) viktor: shes just beyond airhead
(07:58 / All) viktor: She makes paris hilton look like einstein
(08:02 / All) viktor: Kinda insane
(08:08 / All) viktor: ive never seen an asian chick this stupid
(08:32 / Allies) thisguyiscrazy: SOLO
(08:37 / Allies) thisguyiscrazy: FOR LVL 5
(09:01 / Allies) 8906: give me a drum?
(09:31 / Allies) 8906: pincir
(09:37 / All) Hunter.: ...
(11:58 / Allies) thisguyiscrazy: woodp ls
(12:56 / Allies) 8906: ty
(13:52 / Allies) thisguyiscrazy: aa
(14:02 / Allies) thisguyiscrazy: wood fast
(14:36 / Allies) thisguyiscrazy: we have to gain time
(16:10 / All) viktor: lol
(16:12 / All) viktor: Maphack central
(16:13 / All) viktor: gg
(16:17 / All) viktor: Not even worth finishing this shit
(16:25 / All) LayDaPipe: I raped you
(16:32 / All) LayDaPipe: I laid the pipe on ya
(16:35 / All) LayDaPipe: liek I do your moms
(16:40 / All) viktor: Yeah
(16:42 / All) viktor: totally.
(16:45 / All) thisguyiscrazy: yep
(16:47 / All) viktor: Next time play without the hacks though.
(16:53 / All) LayDaPipe: I don't hack
(16:56 / All) LayDaPipe: No gimmicks needed
(16:58 / All) viktor: I didnt say you did.
(16:59 / All) viktor: you sucked.
(17:00 / All) thisguyiscrazy: man i just tried to find your chims
(17:01 / All) viktor: Lol.
(17:07 / All) LayDaPipe: Then how did I destroy you?
(17:07 / All) thisguyiscrazy: i got cjed to
(17:09 / All) thisguyiscrazy: too*
(17:41 / All) Hunter.: |gg
(17:43 / All) Hunter.: clan emf after game
(17:45 / All) 8906: no shit
(17:51 / All) LayDaPipe: taht's a clan for losers like teal
(17:58 / All) LayDaPipe: don't go there
(18:10 / All) viktor: afk
(18:23 / All) thisguyiscrazy: kid
(18:27 / All) LayDaPipe: you rolling over to die?
(18:29 / All) LayDaPipe: like a dog?
(20:51 / All) 8906: nice try nerd
(21:05 / All) viktor: LoL.
(21:08 / All) viktor: Get legit.